 Dungeon Crawl Stone Soup version 0.22.1-1-ga44c0e5 (webtiles) character file.

11717 PlayerOfArmor the Fencer (level 11, -5/97 HPs)
             Began as a Minotaur Monk on Oct 3, 2018.
             Was a Follower of Ru.
             Slain by a very large slime creature (39 damage)
             ... on level 12 of the Dungeon.
             The game lasted 00:33:49 (11802 turns).

PlayerOfArmor the Fencer (Minotaur Monk)           Turns: 11802, Time: 00:33:50

Health: -5/97      AC: 17    Str: 26    XL:     11   Next: 53%
Magic:  10/10      EV:  7    Int:  7    God:    Ru [*.....]
Gold:   650        SH:  0    Dex: 14    Spells: 10/10 levels left

rFire    . . .     SeeInvis .   C - +1 great sword (elec)
rCold    . . .     Gourm    .   (shield currently unavailable)
rNeg     . . .     Faith    .   F - +0 plate armour
rPois    .         Spirit   .   (helmet unavailable)
rElec    .         Reflect  .   (no cloak)
rCorr    .         Harm     .   (no gloves)
MR       .....                  q - +0 pair of boots
Stlth    ..........             g - amulet of regeneration
HPRegen  0.66/turn              e - +5 ring of strength
MPRegen  0.12/turn              J - +3 ring of strength

@: no status effects
A: retaliatory headbutt, horns 3, molten scales 1, inability to train dodging
a: Renounce Religion


You were on level 12 of the Dungeon.
You worshipped Ru.
Ru was aware of your devotion.
You were not hungry.

You visited 2 branches of the dungeon, and saw 13 of its levels.
You also visited: Ossuary.

You collected 650 gold pieces.

Inventory:

Hand Weapons
 B - a +0 flail
 C - a +1 great sword of electrocution (weapon)
Armour
 q - a +0 pair of boots (worn)
 F - a +0 plate armour (worn)
Jewellery
 a - an uncursed ring of magical power
 e - a +5 ring of strength (left hand)
 g - an amulet of regeneration (around neck)
 i - a +5 ring of intelligence
 m - an uncursed ring of positive energy
 n - an uncursed ring of fire
 p - an uncursed ring of protection from magic
 r - an uncursed ring of wizardry
 G - an uncursed amulet of the gourmand
 J - a +3 ring of strength (right hand)
 L - the ring "Saocs" {*Slow MP+9 Str+4 Int+4, unknown}
   (You found it on level 11 of the Dungeon)

   [ring of intelligence]

   It affects your strength (+4).
   It affects your intelligence (+4).
   It affects your magic capacity (+9).
   It may slow you when you take damage.
Wands
 t - a wand of paralysis (15)
 x - a wand of random effects (29)
 I - a wand of iceblast (11)
Scrolls
 b - 4 scrolls of remove curse
 h - 11 scrolls of identify
 k - 4 scrolls of teleportation
 l - a scroll of blinking
 o - 2 scrolls of enchant armour {unknown}
 s - a scroll of amnesia {unknown}
 v - 4 scrolls of noise
 y - a scroll of acquirement {unknown}
 A - a scroll of torment {unknown}
 D - 2 scrolls of enchant weapon
 E - a scroll of silence {unknown}
 H - a scroll of immolation {unknown}
 K - a scroll of magic mapping
Potions
 d - 9 potions of curing
 f - 3 potions of invisibility
 j - 2 potions of haste
 u - a potion of flight
 w - a potion of might
 z - 3 potions of magic
Comestibles
 c - 26 rations
 M - 5 chunks of flesh


   Skills:
 + Level 9.4 Fighting
 * Level 16.9 Long Blades
 + Level 9.7 Armour
 - Level 1.5 Stealth


You had 10 spell levels left.
You didn't know any spells.
Your spell library contained the following spells:

 Spells                   Type           Power        Failure   Level  Hunger
 Beastly Appendage        Tmut           #.....       99%         1    ##.....
 Infusion                 Chrm           #...         99%         1    ##.....
 Shroud of Golubria       Chrm/Tloc      #.........   100%        2    ###....
 Song of Slaying          Chrm           #.......     100%        2    ###....
 Sticks to Snakes         Tmut           #.......     100%        2    ###....
 Regeneration             Chrm/Necr      #.........   100%        3    ####...
 Spectral Weapon          Hex/Chrm       #.......     100%        3    ####...
 Spider Form              Tmut/Pois      #.........   100%        3    ####...
 Ice Form                 Ice/Tmut       #.......     100%        4    #####..
 Blade Hands              Tmut           #.........   100%        5    ######.


Dungeon Overview and Level Annotations

Branches:
Dungeon (12/15)            Temple (1/1) D:5            Lair (0/6) D:8
    Orc (0/2) D:10

Altars:
Ashenzari
Cheibriados
Dithmenos
Elyvilon
Fedhas
Gozag
Hepliaklqana
Kikubaaqudgha
Makhleb
Nemelex Xobeh
Okawaru
Qazlal
Ru
Sif Muna
Trog
Uskayaw
Vehumet
Wu Jian
Xom
Yredelemnul
Zin
The Shining One

Shops:
D:6 [%:   D:8 *


Innate Abilities, Weirdness & Mutations

You reflexively headbutt those who attack you in melee.
You have a pair of large horns on your head.
You cannot train Dodging skill.
You are partially covered in molten scales. (AC +2)


Message History

A slime creature comes into view.
The slime creature quivers.
The slime creature hits you but does no damage.
You slice the slime creature!!
The slime creature is heavily wounded.
The slime creature hits you!
Two slime creatures merge to form a large slime creature.
Two slime creatures merge to form a very large slime creature.
You completely miss the very large slime creature.
You headbutt the very large slime creature.
The very large slime creature is lightly wounded.
The wyvern skeleton bites you but does no damage.
The very large slime creature hits you!!!
You hear a shout!
You slash the very large slime creature!
The very large slime creature is moderately wounded.
The wyvern skeleton bites you!
The wyvern skeleton bites you but does no damage.
The very large slime creature hits you!!!
You die...

... #...#. #. #.##.# #.
#..... #.############.##.#
###.#..........#.##.# ####
......##.##.##.#.##.##...##
###........†.....##Z#.....##
####..##.##.....@J.JJ......#
..##........##.#####.(......
#.##.###.#...#.# #.......#
#.##.# #.......# #....>>.#
.....# ###...### #.#.....#
#.##.# #...# #.#..#..#
#.##.# ...# #.#..#..# ..##[#
#..... .# ####.#


You could see a very large slime creature, 2 slime creatures and a wyvern
skeleton.

Vanquished Creatures
  Harold (D:7)
  A hydra (D:11)
  A two-headed ogre (D:10)
  The ghost of HUIXAX the Grappler, a novice TrFi of Nemelex Xobeh (D:6)
  Pikel (D:7)
  A gargoyle (D:10)
  Grinder (D:4)
  A hippogriff (D:7)
  A wyvern (D:10)
  3 yaks (D:9)
  A hungry ghost (D:11)
  An acid dragon (D:11)
  Duvessa (D:7)
  2 sky beasts
  3 ice beasts
  2 slaves (D:7)
  11 orc warriors
  3 black bears
  6 ogres
  7 phantoms
  A necrophage (D:5)
  2 eyes of draining (D:10)
  A centaur (D:6)
  A big kobold (D:8)
  7 bullfrogs
  A wyvern zombie (D:7)
  A wyvern skeleton (D:11)
  4 scorpions
  Dowan (D:7)
  11 wights
  5 howler monkeys
  10 crimson imps
  3 bullfrog zombies
  A human zombie (Ossuary)
  8 orc priests
  5 bullfrog skeletons
  6 jellies
  7 hounds
  8 worker ants
  4 iguanas
  13 orc wizards
  2 hound zombies (D:5)
  A hound skeleton (D:4)
  3 mummies (Ossuary)
  2 worker ant zombies
  11 gnolls
  12 adders
  2 shadow imps
  4 oozes
  5 adder zombies
  5 worms
  3 dart slugs
  8 leopard geckos
  61 orcs
  8 bats
  4 giant cockroaches
  A gnoll zombie (Ossuary)
  7 goblins
  8 hobgoblins
  14 jackals
  5 quokkas
  A ball python skeleton (D:5)
  5 frilled lizards
  6 goblin zombies (Ossuary)
  6 hobgoblin zombies (Ossuary)
  7 kobolds
  A kobold zombie (Ossuary)
  A quokka zombie (Ossuary)
  8 rats
  A rat zombie (Ossuary)
351 creatures vanquished.

Vanquished Creatures (others)
  A plant (D:9)
1 creature vanquished.

Grand Total: 352 creatures vanquished

Notes
Turn   | Place    | Note
-------+----------+-------------------------------------------
     0 | D:1      | PlayerOfArmor the Minotaur Monk began the quest for the
                  | Orb.
     0 | D:1      | Reached XP level 1. HP: 19/19 MP: 0/0
   423 | D:1      | Reached skill level 4 in Long Blades
   423 | D:1      | Reached XP level 2. HP: 27/27 MP: 1/1
  1091 | D:2      | Reached XP level 3. HP: 33/33 MP: 2/2
  1101 | D:2      | Reached skill level 5 in Long Blades
  1158 | D:2      | Reached XP level 4. HP: 22/41 MP: 3/3
  1488 | D:2      | Found an opulent altar of Gozag.
  1851 | D:2      | Reached skill level 1 in Armour
  2086 | D:3      | Reached skill level 6 in Long Blades
  2189 | D:3      | Reached XP level 5. HP: 45/47 MP: 4/4
  2646 | D:4      | Reached skill level 7 in Long Blades
  2646 | D:4      | Reached XP level 6. HP: 48/53 MP: 5/5
  2907 | D:4      | Reached skill level 5 in Fighting
  2907 | D:4      | Reached skill level 8 in Long Blades
  3103 | D:4      | Reached XP level 7. HP: 53/61 MP: 6/6
  3212 | D:4      | Noticed Grinder
  3239 | D:4      | Killed Grinder
  3239 | D:4      | Reached skill level 9 in Long Blades
  3799 | D:5      | Entered Level 5 of the Dungeon
  3835 | D:5      | Found a hazy altar of Hepliaklqana.
  3989 | D:5      | Reached skill level 10 in Long Blades
  4062 | D:5      | Reached XP level 8. HP: 67/69 MP: 7/7
  4672 | D:5      | Found a staircase to the Ecumenical Temple.
  4678 | D:5      | Reached skill level 11 in Long Blades
  4680 | Temple   | Entered the Ecumenical Temple
  4980 | D:5      | Found a deep blue altar of Sif Muna.
  5098 | D:6      | Found a sacrificial altar of Ru.
  5107 | D:6      | Became a worshipper of Ru the Awakened
  5114 | D:6      | Gained mutation: You cannot train Dodging skill. [Ru
                  | sacrifice]
  5114 | D:6      | Reached * piety under Ru
  5213 | D:6      | Gained mutation: You have a pair of large horns on your
                  | head. [potion of mutation]
  5213 | D:6      | Gained mutation: You are partially covered in molten
                  | scales. (AC +2) [potion of mutation]
  5240 | D:6      | Reached skill level 5 in Armour
  5287 | D:6      | Found Untitaicw's Antique Armour Shop.
  5289 | D:6      | Found a sand-covered staircase.
  5297 | Ossuary  | Entered an ossuary
  5736 | D:6      | Reached skill level 12 in Long Blades
  5743 | D:6      | Reached XP level 9. HP: 57/77 MP: 8/8
  5799 | D:6      | Found Owirared's Food Shoppe.
  6133 | D:6      | Found a burning altar of Makhleb.
  6239 | D:6      | Found Rayl's Book Shoppe.
  6286 | D:6      | Found a runed door.
  6551 | D:6      | Noticed HUIXAX's ghost (novice TrFi)
  6563 | D:6      | Killed HUIXAX's ghost
  6563 | D:6      | Reached skill level 13 in Long Blades
  6666 | D:7      | Found a hide-covered altar of Uskayaw.
  6814 | D:7      | Noticed Harold
  6834 | D:7      | Killed Harold
  6834 | D:7      | Reached skill level 14 in Long Blades
  6834 | D:7      | Reached XP level 10. HP: 38/87 MP: 9/9
  6839 | D:7      | Found a blossoming altar of Fedhas.
  7193 | D:7      | Found an ornate altar of the Wu Jian Council.
  7301 | D:7      | Found a stormy altar of Qazlal.
  7303 | D:7      | Noticed Dowan
  7315 | D:7      | Killed Dowan
  7317 | D:7      | Noticed Duvessa
  7336 | D:7      | Killed Duvessa
  7399 | D:7      | Found a shattered altar of Ashenzari.
  7474 | D:7      | Noticed Pikel
  7492 | D:7      | Killed Pikel
  7590 | D:8      | Found a blossoming altar of Fedhas.
  7627 | D:8      | Found Fenif's General Store.
  7790 | D:8      | Reached skill level 15 in Long Blades
  7903 | D:8      | Found a staircase to the Lair.
  7941 | D:8      | Found a shimmering altar of Xom.
  8774 | D:9      | Found a radiant altar of Vehumet.
  9405 | D:10     | Entered Level 10 of the Dungeon
  9481 | D:10     | Noticed a gargoyle
  9490 | D:10     | Killed a gargoyle
  9490 | D:10     | Reached XP level 11. HP: 62/94 MP: 10/10
  9524 | D:10     | Noticed a two-headed ogre
  9752 | D:9      | Reached skill level 16 in Long Blades
  9765 | D:10     | Killed a two-headed ogre
 10314 | D:10     | Found a staircase to the Orcish Mines.
 11332 | D:11     | Noticed an eight-headed hydra
 11341 | D:11     | HP: 3/97 [eight-headed hydra (9)]
 11341 | D:11     | HP: 1/97 [eight-headed hydra (2)]
 11344 | D:11     | Killed an eight-headed hydra
 11530 | D:11     | Got a transparent golden ring
 11802 | D:12     | Slain by a very large slime creature

Skill      XL: |  1  2  3  4  5  6  7  8  9 10 11 |
---------------+----------------------------------+-----
Long Blades    | 4 5 6 7 8 10 12 14 15 16 | 16.9
Fighting       | 4 5 6 7 8 9 |  9.4
Armour         | 1 2 3 5 6 8 9 |  9.7
Dodging        | 0 |  0.0
Stealth        | |  1.5

Action                   |  1- 3 |  4- 6 |  7- 9 | 10-12 || total
-------------------------+-------+-------+-------+-------++-------
Melee: Falchion          |    27 |       |       |       ||    27
       Headbutt          |    13 |    36 |    91 |    80 ||   220
       Long sword        |    10 |   140 |   230 |       ||   380
       Scimitar          |       |       |    98 |   130 ||   228
       Great sword       |       |       |       |   236 ||   236
       Flail             |       |       |       |     6 ||     6
Invok: Sacrifice Nimblen |       |       |     1 |       ||     1
       Reject Sacrifices |       |       |       |     1 ||     1
  Use: Potion            |       |       |    10 |     3 ||    13
       Scroll            |       |       |     8 |     2 ||    10
  Eat: Chunk             |     1 |     6 |    12 |    15 ||    34
       Ration            |       |       |       |     1 ||     1
Armor: Scale mail        |     7 |    11 |       |       ||    18
       Chain mail        |       |    58 |   126 |   122 ||   306
       Plate armour      |       |       |       |    93 ||    93
Dodge: Dodged            |    22 |    65 |   108 |   123 ||   318
       Rpst.: Falchion   |     6 |       |       |       ||     6
       Long sword        |     2 |    19 |    23 |       ||    44
       Scimitar          |       |       |     8 |     6 ||    14
       Great sword       |       |       |       |    19 ||    19
